Map: Costas tropicales

Players

MrFercho

  • Race: Terran Terran
  • Spawn Location: 0:00

tigro

  • Race: Terran Terran
  • Spawn Location: 12:00

IA (Más difícil)

  • Race: Protoss Protoss
  • Spawn Location: 6:00

IA (Más difícil)

  • Race: Zerg Zerg
  • Spawn Location: 6:00

IA (Más difícil)

  • Race: Protoss Protoss
  • Spawn Location: 5:00

VOD

Have the link to the VOD?

Description

Time

  • Played on: Nov. 18, 2018, 10:40 p.m.
  • Length: 22:40
Show
View Real Time Build Order
Export as new Build Order

MrFercho Terran 

Build Orders:  

Get SALT Encoding   

  12  0:02  SCV  
  13  0:22  Supply Depot  
  13  0:28  Refinery  
  13  0:54  Barracks  
  13  1:05  SCV  
  13  1:09  Engineering Bay  
  14  1:17  SCV  
  15  1:29  Refinery  
  15  1:30  SCV  
  16  1:44  Supply Depot  
  16  1:54  Orbital Command  
  16  2:01  Barracks Tech Lab  
  16  2:08  Supply Depot  
  16  2:24  Marauder  
  16  2:29  SCV  
  19  2:45  Marine  
  19  2:46  SCV  
  21  2:58  SCV  
  22  3:10  SCV  
  23  3:20  Factory  
  23  3:35  Barracks  
  23  3:44  Engineering Bay, SCV  
  24  4:18  Starport  
  24  4:19  Factory Tech Lab  
  24  4:24  Barracks  
  24  4:25  Terran Infantry Weapons Level 1  
  24  4:45  Siege Tank  
  27  4:55  Starport  
  27  5:03  Armory  
  27  5:06  Armory  
  27  5:08  Armory  
  27  5:15  Starport Tech Lab  
  27  5:19  Barracks Tech Lab x2  
  27  5:38  Sensor Tower  
  27  5:42  Starport Tech Lab  
  27  6:04  Fusion Core  
  27  6:09  Sensor Tower, SCV  
  28  6:22  SCV  
  29  6:34  SCV  
  30  6:41  Missile Turret  
  30  7:01  Missile Turret  
  30  7:13  Command Center  
  30  7:23  Missile Turret, Refinery  
  30  7:27  Battlecruiser, Refinery  
  36  7:43  Missile Turret  
  33  8:27  Sensor Tower  
  30  8:46  Missile Turret  
  30  9:10  Command Center  
  30  9:14  Command Center  
  30  9:15  Orbital Command  
  30  9:22  SCV  
  31  9:34  SCV  
  31  9:37  Supply Depot x2  
  32  9:41  Supply Depot x2  
  32  9:46  SCV  
  32  9:51  Thor  
  39  9:59  SCV  
  40  10:00  Supply Depot  
  40  10:07  SCV  
  40  10:11  SCV  
  42  10:19  SCV  
  43  10:25  Refinery  
  43  10:29  Refinery  
  43  10:31  SCV  
  44  10:51  Refinery  
  44  10:55  Refinery  
  44  11:18  Marauder x3  
  50  11:23  Banshee x2  
  50  11:26  Hellion  
  46  11:39  Marauder  
  52  11:40  Marauder x2  
  52  11:42  Terran Ship Weapons Level 1, Terran Vehicle Weapons Level 1  
  52  11:43  Terran Vehicle And Ship Armor Level 1  
  46  11:48  Hellion  
  46  12:06  Banshee  
  45  12:23  Terran Infantry Weapons Level 2  
  45  12:24  Terran Infantry Armor Level 1  
  45  12:42  Weapon Refit  
  45  12:58  Factory  
  45  13:00  Factory  
  45  13:02  SCV  
  46  13:06  SCV  
  46  13:07  Starport  
  46  13:08  Starport  
  47  13:14  SCV  
  47  13:18  SCV  
  49  13:26  SCV  
  50  13:30  SCV  
  51  13:38  SCV  
  52  13:42  SCV  
  53  13:50  SCV  
  53  13:55  SCV  
  55  14:02  Factory Tech Lab x2  
  55  14:04  Starport Tech Lab x2  
  55  14:21  Missile Turret  
  52  14:25  Missile Turret  
  52  14:27  Missile Turret  
  48  14:40  Viking x4  
  48  14:41  Missile Turret  
  48  14:43  Missile Turret x2  
  48  14:44  Missile Turret  
  48  14:45  Missile Turret  
  55  14:46  Missile Turret  
  55  14:51  Sensor Tower  
  52  15:10  Viking  
  46  15:18  Viking  
  46  15:19  Viking x2  
  49  15:28  Missile Turret x2  
  49  15:29  Missile Turret  
  45  15:40  Viking  
  40  16:10  Viking x3  
  40  16:11  Viking  
  40  16:21  Cyclone x3  
  49  16:32  Orbital Command  
  49  16:40  Viking x3  
  49  16:41  Viking  
  49  16:53  Cyclone  
  52  17:10  Viking x2  
  56  17:18  SCV  
  56  17:19  SCV  
  58  17:30  SCV  
  58  17:31  SCV  
  49  17:43  SCV x2  
  39  17:55  SCV x2  
  45  18:07  SCV x2  
  26  19:20  Missile Turret x2  
  26  19:21  Missile Turret  
  26  19:23  Missile Turret  
  26  19:28  Missile Turret x2  
  26  19:31  Missile Turret  
  26  19:32  Missile Turret x2  
  26  19:33  Missile Turret  
  26  19:37  Missile Turret  
Show
View Real Time Build Order
Export as new Build Order

tigro Terran 

Build Orders:  

Get SALT Encoding   

  12  0:03  SCV  
  13  0:20  Supply Depot  
  13  0:29  Refinery  
  13  0:30  SCV  
  14  0:41  Refinery  
  14  0:42  SCV  
  15  0:54  SCV  
  16  1:01  Barracks  
  16  1:12  SCV  
  17  1:24  SCV  
  18  1:39  SCV  
  19  1:51  SCV  
  20  1:54  Supply Depot, Barracks Tech Lab  
  20  2:14  Marine  
  21  2:21  Engineering Bay  
  21  2:32  Marine  
  22  2:49  Marine  
  23  2:54  SCV  
  23  2:57  Command Center  
  24  3:06  SCV  
  24  3:07  Marine  
  26  3:20  Combat Shield  
  26  3:25  Marine  
  27  3:43  Marauder  
  29  3:50  Terran Infantry Weapons Level 1  
  29  4:05  Marauder  
  31  4:10  SCV  
  32  4:22  SCV  
  33  4:26  Marauder  
  35  4:34  Supply Depot, SCV  
  36  4:44  Planetary Fortress  
  36  4:46  SCV  
  36  4:48  Marauder  
  39  4:58  SCV  
  40  5:01  Stimpack  
  40  5:08  Marine  
  41  5:23  Factory  
  41  5:26  Marine  
  42  5:44  Terran Infantry Armor Level 1, Marine  
  43  6:01  Command Center  
  43  6:02  Marine  
  44  6:21  Factory Tech Lab  
  44  6:22  Refinery  
  44  6:40  Concussive Shells  
  44  6:43  Infernal Pre-Igniter  
  44  7:24  Refinery, Missile Turret  
  44  7:32  SCV  
  45  7:39  Hi-Sec Auto Tracking  
  45  7:44  SCV  
  46  7:55  Armory  
  46  7:57  SCV  
  47  8:04  Missile Turret  
  47  8:09  SCV  
  48  8:17  SCV  
  49  8:21  SCV  
  50  8:29  SCV  
  51  8:35  Neosteel Frame  
  48  9:14  Refinery  
  48  9:15  Terran Ship Weapons Level 1  
  48  9:21  Thor  
  54  9:39  Missile Turret  
  54  9:54  Neosteel Armor  
  54  9:56  Supply Depot  
  54  10:01  Marine  
  54  10:04  Thor  
  61  10:11  SCV  
  62  10:19  Marine  
  62  10:20  Refinery  
  63  10:23  SCV  
  64  10:36  Marine  
  64  10:46  Thor  
  53  10:51  Starport  
  53  10:54  Marine  
  52  10:59  Drilling Claws  
  52  11:10  Terran Vehicle Weapons Level 1  
  52  11:12  Marine  
  53  11:20  Planetary Fortress  
  50  11:29  Thor  
  50  11:30  Marauder  
  52  11:33  Medivac  
  52  11:34  Terran Infantry Armor Level 2  
  54  11:52  Marauder  
  48  12:03  Medivac  
  48  12:07  Planetary Fortress  
  50  12:12  Thor  
  50  12:13  Marauder  
  58  12:18  Smart Servos  
  58  12:35  Marauder  
  60  12:38  Starport Tech Lab  
  60  12:56  Fusion Core  
  60  13:04  Terran Vehicle And Ship Armor Level 1  
  60  13:07  SCV  
  61  13:14  Rapid Reignition System  
  61  13:19  SCV  
  62  13:21  Banshee  
  65  13:27  Marine  
  66  13:36  Rapid Fire Launchers  
  66  13:45  Marine  
  66  13:47  Supply Depot  
  67  13:49  Terran Infantry Weapons Level 2  
  67  13:55  SCV  
  68  14:03  Marine  
  68  14:04  Banshee  
  68  14:07  SCV  
  73  14:10  Corvid Reactor  
  73  14:11  SCV  
  74  14:21  Marine  
  74  14:23  SCV  
  76  14:36  SCV  
  77  14:38  Marine  
  75  14:47  Banshee  
  75  14:48  SCV  
  72  14:59  Marine  
  66  15:06  Thor  
  58  15:16  Marine  
  59  15:25  Missile Turret  
  59  15:29  Cloaking Field  
  59  15:30  Battlecruiser  
  59  15:34  Marine  
  66  15:38  Missile Turret  
  66  15:48  Thor  
  72  15:52  Marine  
  72  15:54  Weapon Refit, Missile Turret  
  73  16:00  Missile Turret  
  73  16:08  Missile Turret  
  73  16:10  Marine  
  69  16:30  Marine  
  69  16:31  Thor  
  70  16:34  Battlecruiser  
  75  16:48  Hyperflight Rotors, Marine  
  64  17:05  Marine  
  65  17:14  Thor  
  71  17:23  Marine  
  72  17:38  Battlecruiser  
  72  17:41  Marine  
  79  17:47  Missile Turret  
  79  17:57  Thor  
  63  18:10  Marauder  
  60  18:31  Marauder  
  61  18:40  Thor, Missile Turret  
  69  18:52  Marauder  
  68  18:58  Missile Turret  
  65  19:03  Missile Turret  
  65  19:09  Missile Turret  
  51  19:14  Marauder  
  19  20:24  Missile Turret  
  19  20:35  Missile Turret  
  18  21:04  Supply Depot  
  18  21:20  Missile Turret  
  18  21:32  Barracks  
  18  21:48  Supply Depot  
  18  22:03  Missile Turret  
  18  22:31  Barracks Tech Lab  
Show
View Real Time Build Order
Export as new Build Order

IA (Más difícil) Protoss 

Build Orders:  

Get SALT Encoding   

  12  0:01  Probe  
  13  0:13  Probe  
  14  0:20  Pylon  
  14  0:25  Probe  
  15  0:34  Probe  
  16  0:42  Probe  
  16  0:47  Assimilator  
  17  0:50  Gateway  
  17  0:51  Probe  
  18  1:00  Probe  
  18  1:01  Pylon  
  19  1:22  Probe  
  20  1:38  Zealot  
  20  1:42  Cybernetics Core  
  20  1:45  Gateway  
  20  1:46  Assimilator  
  22  1:58  Probe  
  19  2:10  Probe  
  19  2:13  Adept  
  20  2:22  Probe  
  21  2:32  Zealot  
  21  2:34  Probe  
  23  2:41  Stalker  
  25  2:49  Pylon  
  25  2:51  Probe  
  25  2:56  Adept  
  26  3:00  Adept  
  26  3:26  Zealot  
  28  3:30  Stalker  
  30  3:40  Warp Gate  
  24  3:53  Stalker  
  24  3:54  Zealot  
  28  4:13  Pylon  
  28  4:18  Adept  
  28  4:20  Zealot  
  24  4:39  Probe  
  22  4:47  Zealot  
  22  4:48  Stalker  
  22  4:51  Probe  
  20  5:03  Probe  
  21  5:11  Adept  
  20  5:15  Probe  
  19  5:27  Probe  
  17  5:39  Probe  
  16  5:55  Stalker  
Show
View Real Time Build Order
Export as new Build Order

IA (Más difícil) Zerg 

Build Orders: Pool Only 

Get SALT Encoding   

  12  0:01  Drone  
  13  0:12  Overlord  
  13  0:18  Drone  
  14  0:31  Drone x2  
  16  0:42  Spawning Pool  
  15  0:45  Drone  
  15  0:49  Drone  
  17  0:52  Extractor  
  17  0:56  Drone  
  17  1:06  Overlord  
  17  1:30  Queen  
  17  1:31  Zergling x2  
  20  1:37  Roach Warren  
  20  1:38  Zergling x2  
  20  1:39  Drone  
  21  1:44  Extractor  
  20  1:49  Drone  
  21  2:00  Zergling x2  
  20  2:11  Zergling x2  
  21  2:21  Zergling x2  
  22  2:24  Queen  
  21  2:32  Zergling x2  
  21  2:38  Drone  
  21  2:39  Zergling x2  
  21  2:40  Overlord  
  21  3:00  Lair  
  18  3:14  Drone  
  19  3:22  Zergling x2  
  13  3:35  Drone  
  14  3:45  Drone  
  6  4:03  Drone x2  
  6  4:13  Drone  
  6  4:16  Drone  
  5  4:20  Drone  
  4  4:55  Drone  
Show
View Real Time Build Order
Export as new Build Order

IA (Más difícil) Protoss 

Build Orders:  

Get SALT Encoding   

  12  0:01  Probe  
  13  0:13  Probe  
  14  0:21  Pylon  
  14  0:25  Probe  
  15  0:35  Probe  
  16  0:43  Probe  
  16  0:49  Assimilator  
  17  0:52  Gateway, Probe  
  18  1:00  Probe  
  18  1:03  Pylon  
  19  1:22  Probe  
  20  1:38  Zealot  
  20  1:42  Cybernetics Core  
  20  1:44  Gateway  
  22  1:47  Assimilator  
  22  2:03  Pylon  
  22  2:12  Adept  
  24  2:30  Warp Gate  
  24  2:31  Stalker  
  26  2:42  Zealot  
  28  2:55  Pylon  
  28  3:01  Zealot  
  30  3:07  Adept  
  32  3:24  Pylon  
  32  3:25  Adept  
  34  3:37  Stalker  
  34  3:53  Probe  
  34  3:55  Stalker  
  37  4:05  Probe  
  37  4:06  Stalker  
  40  4:16  Pylon  
  40  4:18  Probe  
  41  4:28  Forge  
  41  4:30  Probe  
  40  4:33  Zealot  
  42  4:42  Probe  
  42  4:45  Adept  
  45  4:54  Probe, Zealot  
  48  5:05  Adept  
  50  5:14  Adept  
  52  5:22  Protoss Ground Weapons Level 1  
  52  5:52  Stalker  
  52  5:55  Gateway  
  54  6:00  Sentry  
  54  6:01  Pylon, Nexus  
  56  6:15  Stalker  
  58  6:19  Twilight Council  
  58  6:23  Stalker  
  60  6:37  Stalker  
  62  6:43  Pylon  
  62  6:47  Stalker, Blink  
  64  6:55  Stalker  
  64  6:56  Robotics Facility  
  66  7:04  Sentry  
  68  7:12  Protoss Ground Armor Level 1  
  68  7:13  Probe x2  
  69  7:25  Probe  
  69  7:26  Probe  
  71  7:36  Photon Cannon  
  71  7:37  Probe  
  71  7:38  Probe  
  71  7:43  Observer  
  74  7:49  Probe  
  74  7:50  Probe  
  76  7:51  Photon Cannon  
  76  7:59  Pylon  
  76  8:01  Observer  
  76  8:02  Probe x2  
  79  8:08  Pylon  
  79  8:14  Probe  
  79  8:16  Probe  
  79  8:17  Stargate  
  80  8:24  Stalker  
  80  8:26  Probe  
  81  8:28  Probe  
  82  8:34  Photon Cannon  
  82  8:38  Probe  
  82  8:40  Probe, Observer  
  82  8:42  Zealot  
  72  8:50  Stalker  
  72  8:59  Stalker  
  74  9:03  Photon Cannon  
  74  9:07  Stalker  
  76  9:10  Forge  
  76  9:29  Assimilator  
  76  9:35  Assimilator  
  76  9:51  Probe  
  77  9:57  Probe  
  77  9:58  Void Ray  
  78  10:03  Probe, Warp Prism  
  79  10:09  Probe  
  79  10:10  Robotics Facility  
  79  10:13  Stargate  
  79  10:14  Nexus  
  86  10:24  Fleet Beacon  
  84  10:49  Warp Prism  
  84  10:57  Observer  
  84  11:03  Stargate  
  84  11:11  Tempest  
  88  11:13  Void Ray, Pylon  
  88  11:14  Observer  
  88  11:15  Warp Prism  
  81  11:33  Assimilator  
  81  11:38  Assimilator  
  81  11:46  Void Ray  
  85  12:05  Stargate  
  81  12:12  Phoenix  
  81  12:14  Probe  
  81  12:15  Tempest  
  82  12:17  Probe  
  82  12:19  Probe  
  82  12:20  Carrier  
  82  12:26  Protoss Air Weapons Level 1  
  82  12:27  Probe x2  
  82  12:29  Probe  
  90  12:36  Probe  
  91  12:39  Probe  
  91  12:41  Probe  
  100  12:47  Probe  
  100  12:49  Carrier  
  100  12:51  Probe  
  102  12:53  Probe  
  103  12:59  Probe, Stargate  
  103  13:02  Robotics Bay  
  103  13:03  Probe  
  105  13:07  Probe  
  105  13:11  Probe  
  107  13:18  Graviton Catapult  
  107  13:45  Pylon  
  107  13:48  Pylon  
  107  13:49  Pylon  
  107  13:51  Gravitic Boosters  
  107  13:53  Zealot  
  109  13:56  Zealot  
  109  13:58  Stalker, Gateway  
  113  14:06  Protoss Air Armor Level 1  
  113  14:13  Stalker  
  113  14:15  Immortal  
  113  14:16  Stalker  
  117  14:21  Stalker  
  123  14:36  Protoss Ground Weapons Level 2, Zealot  
  123  14:37  Pylon  
  125  14:39  Zealot  
  125  14:44  Stalker  
  129  14:48  Gravitic Drive  
  129  14:50  Gateway, Observer  
  129  14:51  Protoss Ground Armor Level 2  
  129  14:52  Stalker  
  129  14:53  Nexus  
  129  14:55  Zealot  
  129  14:59  Stalker  
  135  15:07  Stalker  
  135  15:08  Immortal  
  135  15:09  Sentry  
  135  15:13  Pylon  
  141  15:15  Adept  
  143  15:22  Zealot  
  145  15:30  Stalker  
  145  15:33  Sentry  
  145  15:35  Stalker  
  151  15:42  Adept, Pylon  
  153  16:12  Assimilator  
  153  16:14  Photon Cannon  
  153  16:16  Assimilator  
  153  16:21  Photon Cannon  
  153  16:23  Pylon  
  153  16:25  Pylon, Observer  
  153  16:27  Observer  
  152  16:38  Protoss Ground Weapons Level 3  
  152  16:40  Colossus  
  152  16:46  Photon Cannon, Protoss Shields Level 1, Observer  
  153  16:47  Photon Cannon  
  151  17:03  Colossus  
  151  17:06  Void Ray  
  157  17:09  Extended Thermal Lance  
  157  17:10  Void Ray  
  161  17:37  Protoss Air Weapons Level 2  
  157  18:11  Zealot  
  151  18:13  Protoss Ground Armor Level 3  
  151  18:15  Zealot  
  151  18:19  Zealot  
  153  18:39  Templar Archives  
  153  18:44  Dark Shrine  
  153  19:09  Protoss Shields Level 2  
  147  19:38  Protoss Air Armor Level 2  
  147  19:49  Nexus  
  147  20:03  Oracle  
  147  20:12  Dark Templar  
  152  20:16  High Templar, Psionic Storm  
  152  20:19  Dark Templar  
  156  20:23  Dark Templar  
  156  20:27  High Templar  
  160  20:45  Dark Templar  
  160  20:48  Dark Templar  
  164  20:52  Dark Templar  
  166  21:04  Assimilator  
  166  21:06  Pylon  
  166  21:07  Pylon  
  166  21:08  Assimilator  
  166  21:30  Photon Cannon  
  166  21:33  Photon Cannon  
  166  21:34  Photon Cannon  
Tags
 
Add a new tag
Caveats
  • Supply blocks, unpowered buildings, or Contaminate may cause inaccurate times.
  • Supply counts are checked every 10 seconds.